 Dungeon Crawl Stone Soup version 0.32-a0-953-g508020473e (webtiles) character file.

Game seed: 11559141102638935748

188 Autsider the Trooper (level 5, -1/28 HPs)
             Began as a Vine Stalker Warper on Apr 16, 2024.
             Killed by divine providence
             ... invoked by an orc priest
              (10 damage)
             ... on level 4 of the Dungeon.
             The game lasted 00:06:23 (2696 turns).

Autsider the Trooper (Vine Stalker Warper)          Turns: 2696, Time: 00:06:24

Health: -1/28      AC: 11    Str: 13    XL:     5   Next: 67%
Magic:  0/9        EV:  9    Int: 13    God:
Gold:   30         SH:  0    Dex: 16    Spells: 8/8 levels left

rFire   . . .        h - +0 long sword
rCold   + + .        (no shield)
rNeg    . . .        e - +4 ring mail {rC+}
rPois   .            (no helmet)
rElec   +            (no cloak)
rCorr   .            j - +1 pair of gloves of the Majestic Stallion {rElec}
SInv    .            (no boots)
Will    .....        r - amulet of magic regeneration Stlth
                     k - ring of protection from cold
HPRegen 1.04/turn    (no ring)
MPRegen 0.51/turn

%: guardian spirit
@: confused
A: fangs 2, regeneration 1, magic shield, antimagic bite, no potion heal 2
a: Convert to Beogh


You were on level 4 of the Dungeon.
You visited 1 branch of the dungeon, and saw 4 of its levels.

You collected 132 gold pieces.
You spent 102 gold pieces at shops.

Inventory:

Hand Weapons
 a - a +0 falchion
 h - a +0 long sword (weapon)
 p - a +0 heavy sling
Missiles
 d - 7 darts of dispersal (quivered)
 n - 6 boomerangs
Armour
 e - a +4 ring mail of cold resistance (worn)
 f - an orb of light
 j - the +1 pair of gloves of the Majestic Stallion (worn) {rElec}
   (You found it on level 4 of the Dungeon)

   rElec:     It insulates you from electricity.
Jewellery
 k - a ring of protection from cold (left hand)
 l - the ring "Qoleg" {Fly rF+++ Str-4 Slay-6 SInv}
   (You found it on level 2 of the Dungeon)

   [ring of flight]

   Str-4:     It affects your strength (-4).
   Slay-6:    It affects your accuracy & damage with ranged weapons and melee
   (-6).
   rF+++:     It renders you almost immune to fire.
   SInv:      It lets you see invisible.
   Fly:       It grants you flight.
 r - an amulet of magic regeneration (around neck)
Scrolls
 b - 2 scrolls of fear
 c - 2 scrolls of blinking
 i - a scroll of revelation
 s - 2 scrolls of immolation
 t - a scroll of poison {unknown}
 u - a scroll of vulnerability {unknown}
Potions
 g - a potion of enlightenment {unknown}
 m - a potion of degeneration {unknown}
 o - 3 potions of ambrosia
 q - a potion of might {unknown}


   Skills:
 + Level 3.6 Fighting
 + Level 3.5 Long Blades
 - Level 0.8 Throwing
 + Level 1.0 Armour
 - Level 1.5 Dodging
 + Level 2.2 Stealth
 - Level 2.1 Spellcasting
 - Level 3.0 Translocations


You had 8 spell levels left.
You didn't know any spells.
Your spell library contained the following spells:

 Spells                   Type           Power      Damage    Failure   Level
 Blink                    Tloc           18%        N/A       24%         2
 Lesser Beckoning         Tloc           18%        N/A       24%         2
 Maxwell's Portable Pile  Tloc           9%         2d(6-16)  43%         3
 Teleport Other           Tloc           9%         N/A       43%         3
 Ensorcelled Hibernation  Hex/Ice        2%         N/A       63%         2
 Passwall                 Erth           1%         N/A       85%         3
 Swiftness                Air            1%         N/A       85%         3
 Vhi's Electric Charge    Tloc/Air       10%        N/A       96%         4
 Dispersal                Tloc           4%         N/A       100%        6
 Gell's Gavotte           Tloc           4%         2d(13-19) 100%        6


Dungeon Overview and Level Annotations

Branches:
Dungeon (4/15)
 Temple: D:4-7

Altars:
Hepliaklqana

Shops:
D:1 *


Innate Abilities, Weirdness & Mutations

You have extremely sharp teeth.
Your natural rate of healing is unusually fast.
When hurt, damage is shared between your health and your magic reserves.
Your bite disrupts and absorbs the magic of your enemies.
Potions cannot restore your health.


Message History

The orc wizard flickers and vanishes!
Deactivating autopickup; reactivate with Ctrl-A.
The orc priest looks satisfied for a moment.
The orc barely misses you.
You hit the orc priest.
You bite the orc priest, but do no damage.
The orc priest is almost dead.
The orc priest completely misses you.
The orc priest calls upon Beogh to heal the orc priest.
The orc hits you with a +0 mace.
You slash the orc priest!
You kill the orc priest!
Something hits you. The orc barely misses you.
Your Armour skill increases to level 1!
You barely miss the orc. You bite the orc, but do no damage.
You hear some strange, mumbled words.
You are confused.
The orc closely misses you.
The orc priest calls down the wrath of Beogh upon you.
Beogh smites you! The orc closely misses you.
You miss the orc priest.
The orc priest shouts, "The Pantheon deserves no one's loyalty.
Let us show you the true path!"
Your bite misses the orc priest.
The orc priest hits you with a +0 hand axe.
* * * LOW HITPOINT WARNING * * *
The orc closely misses you. Something hits you but does no damage.
The orc closely misses you.
The orc priest mumbles some strange prayers to Beogh against you.
Beogh smites you!
* * * LOW HITPOINT WARNING * * *
The orc closely misses you.
You miss the orc priest.
The orc priest shouts, "Surrender to Beogh and we'll let you live!"
Your bite misses the orc priest.
You hear some strange, mumbled words.
A puff of flame appears from out of thin air!
The puff of flame misses you. The orc hits you but does no damage.
The orc priest mumbles some strange prayers to Beogh against you.
Beogh smites you!
You die...

### ### ############
#.###..
##..........######.#...#
#...............##.....#
#...$.............###...
#.................# ###.
#................## #...
#....)oo.........# ##...
#.....{@.........# #....
#.....o..........# #....
#................# #....
#...............## #....
#?..............# #....
#.............. #....
#.............. ##...
##............. #...
#...


You could see an orc priest and 2 orcs.

Vanquished Creatures
  2 orc priests
  2 orc wizards (D:3)
  An adder (D:3)
  2 dart slugs (D:2)
  A ribbon worm (D:3)
  2 orcs
  4 endoplasms
  4 giant cockroaches
  7 goblins
  8 hobgoblins
  3 jackals (D:1)
  4 kobolds
  2 quokkas
  3 ball pythons
  5 bats
  5 frilled lizards
  7 rats
62 creatures vanquished.

Notes
Turn   | Place    | Note
-------+----------+-------------------------------------------
     0 | D:1      | Autsider the Vine Stalker Warper began the quest for the
                  | Orb.
     0 | D:1      | Reached XP level 1. HP: 11/11 MP: 4/4
   173 | D:1      | Found Zug Walu's Assorted Antiques.
   188 | D:1      | Reached skill level 1 in Stealth
   188 | D:1      | Reached XP level 2. HP: 15/15 MP: 6/6
   239 | D:1      | Found a faded altar of an unknown god.
   483 | D:1      | Reached XP level 3. HP: 18/18 MP: 7/7
   958 | D:2      | Identified the ring "Qoleg" {Fly rF+++ Str-4 Slay-6 SInv}
  1600 | D:3      | Reached XP level 4. HP: 20/23 MP: 6/8
  1633 | D:3      | Reached XP level 5. HP: 15/28 MP: 7/9
  1976 | D:3      | Found a hazy altar of Hepliaklqana.
  2511 | D:1      | Bought a scroll labelled RIABBE HAMEM SERI for 21 gold
                  | pieces
  2511 | D:1      | Bought a grey potion for 18 gold pieces
  2511 | D:1      | Bought 2 scrolls labelled VOCESH TE HISO for 42 gold pieces
  2511 | D:1      | Bought a scroll labelled RIABBE HAMEM SERI for 21 gold
                  | pieces
  2601 | D:4      | Identified the +1 pair of gloves of the Majestic Stallion
                  | {rElec}
  2693 | D:4      | Reached skill level 1 in Armour
  2696 | D:4      | Killed from afar by an orc priest

Illustrated notes

Levels and vault maps discovered:
D:1:      dpeg_arrival_refuge, layout_loops_ring, serial_shops, shop,
          shapermc_ecumenical_altar_pompeii
D:2:      layout_basic
D:3:      layout_loops_corners, mainiacjoe_overflow_tiny_flanked,
          item_on_display_a
D:4:      layout_cave_pods, mainiacjoe_overflow_chevrons

Skill      XL: |  1  2  3  4  5 |
---------------+----------------+-----
Fighting       | 2 3 |  3.6
Long Blades    | 2 3 |  3.5
Stealth        | 1 2 |  2.2
Armour         | 1 |  1.0
Throwing       | |  0.8
Dodging        | |  1.5
Spellcasting   | |  2.1
Translocations | |  3.0

Action                     |  1- 3 |  4- 6 || total
---------------------------+-------+-------++-------
  Melee: Falchion          |    14 |       ||    14
         Long sword        |    83 |    55 ||   138
         Bite              |    29 |    13 ||    42
    Use: Scroll            |       |     4 ||     4
   Stab: Sleeping          |       |     1 ||     1
 Armour: Ring mail         |    74 |    44 ||   118
  Dodge: Dodged            |    40 |    28 ||    68

Table legend: (Time is in decaauts)
 A = Elapsed time spent in this place.
 B = Non-inter-level travel time spent in this place.
 C = Inter-level travel time spent in this place.
 D = Time resting spent in this place.
 E = Time spent auto-exploring this place.
 F = Levels seen in this place.
 G = Mean time per level.
                   A        B        C        D        E       F      G
               +--------+--------+--------+--------+--------+-----+--------+
         Total |   2737 |   2546 |    191 |     30 |   2011 |   4 |  684.2 |
       Dungeon |   2737 |   2546 |    191 |     30 |   2011 |   4 |  684.2 |
               +--------+--------+--------+--------+--------+-----+--------+

Top non-repeatable levels by time:
     D:3: 947 daAuts
     D:1: 911 daAuts
     D:2: 774 daAuts
     D:4: 103 daAuts
